 Dungeon Crawl Stone Soup version 0.26.0-11-g8f856b5395 (webtiles) character file.

Game seed: 418570008156475820

13 Destapler the Charlatan (level 2, 0/21 HPs)
             Began as a Demonspawn Artificer on Jan 16, 2021.
             Slain by a ball python (1 damage)
             ... on level 1 of the Dungeon.
             The game lasted 00:01:43 (451 turns).

Destapler the Charlatan (Demonspawn Artificer)       Turns: 451, Time: 00:01:44

Health: 0/21       AC:  3    Str: 12    XL:     2   Next: 24%
Magic:  2/2        EV:  8    Int: 14    God:
Gold:   21         SH:  0    Dex: 13    Spells: 1/1 levels left

rFire    . . .     SeeInvis .   a - +0 club
rCold    . . .     Faith    .   (no shield)
rNeg     . . .     Spirit   .   b - +0 leather armour
rPois    +         Reflect  .   (no helmet)
rElec    .         Harm     .   (no cloak)
rCorr    .         Rampage  .   (no gloves)
Will     .....                  (no boots)
Stlth    +.........             (no amulet)
HPRegen  0.07/turn              g - ring of poison resistance
MPRegen  0.08/turn              (no ring)

@: constricted
A: big brain 1
a: no special abilities


You were on level 1 of the Dungeon.
You visited 1 branch of the dungeon, and saw 1 of its levels.

You collected 21 gold pieces.

Inventory:

Hand Weapons
 a - a +0 club (weapon)
Armour
 b - a +0 leather armour (worn)
Jewellery
 g - a ring of poison resistance (left hand)
 i - an uncursed amulet of guardian spirit {unknown}
Wands
 c - a wand of flame (15)
 d - a wand of enslavement (15)
 e - a wand of random effects (12) (quivered)
Scrolls
 f - a scroll of identify {unknown}
Potions
 h - a potion of attraction {unknown}


   Skills:
 + Level 1.3 Fighting
 + Level 2.0 Armour
 + Level 1.1 Dodging
 + Level 1.2 Stealth
 + Level 3.1 Evocations


You had one spell level left.
You didn't know any spells.
Your spell library was empty.

Dungeon Overview and Level Annotations

Branches:
Dungeon (1/15)

Altars:


Innate Abilities, Weirdness & Mutations

You have an unusually large brain. (Int +2)


Message History

The ball python barely misses you. The ball python constricts you.
The kobold closely misses you.
You continue putting on your glowing garnet amulet.
The rat closely misses you. The kobold closely misses you.
The ball python bites you but does no damage.
* * * LOW HITPOINT WARNING * * *
The ball python constricts you. The kobold barely misses you.
You continue putting on your glowing garnet amulet.
The bat hits you.
* * * LOW HITPOINT WARNING * * *
The ball python bites you.
* * * LOW HITPOINT WARNING * * *
x2 The ball python constricts you.
The rat bites you.
* * * LOW HITPOINT WARNING * * *
The kobold barely misses you. The kobold hits you with a +0 club.
* * * LOW HITPOINT WARNING * * *
You continue putting on your glowing garnet amulet.
The bat barely misses you. The ball python bites you.
* * * LOW HITPOINT WARNING * * *
You die...

#. ..# #. ### #.## . ###
#.. ... .## #.#
#.###.####.. ..#
###.#......#.# #.# ##
#.K.#.#.##.#.###.##
#..##.r@#.#.##.#..##..#
#.....KS.b..##.#..#...#
#....†.((..........)..#
.....................>.#.
.......###+###..#........
....... ....##.(#......#.
....... .........†.#.#.##
..#+### ######...........
. #.........##


You could see a bat, a ball python, 2 kobolds and a rat.

Vanquished Creatures
  A dart slug (D:1)
  A leopard gecko (D:1)
  A goblin (D:1)
  2 hobgoblins (D:1)
  A kobold (D:1)
  3 bats (D:1)
9 creatures vanquished.

Notes
Turn   | Place    | Note
-------+----------+-------------------------------------------
     0 | D:1      | Destapler the Demonspawn Artificer began the quest for the
                  | Orb.
     0 | D:1      | Reached XP level 1. HP: 15/15 MP: 1/1
    61 | D:1      | Reached skill level 1 in Dodging
    61 | D:1      | Reached skill level 1 in Stealth
   272 | D:1      | Gained mutation: You have an unusually large brain. (Int
                  | +2) [demonic ancestry]
   272 | D:1      | Reached XP level 2. HP: 15/21 MP: 2/2
   450 | D:1      | HP: 1/21 [kobold/+0 club (1)]
   451 | D:1      | Slain by a ball python

Illustrated notes

Levels and vault maps discovered:
D:1:      erik_arrival_blinker_ship, layout_basic, grunt_decor_one_mirror

Skill      XL: |  1  2 |
---------------+-------+-----
Dodging        | 1 |  1.1
Stealth        | 1 |  1.2
Armour         | 2 |  2.0
Fighting       | |  1.3
Evocations     | |  3.1

Action                   || total
-------------------------++-------
Melee: Club              ||    34
Evoke: Wand              ||     3
 Stab: Paralysed         ||     4
Armor: Leather armour    ||    23
Dodge: Dodged            ||    51
